 Dungeon Crawl Stone Soup version 0.31-a0-95-g6fa058ef04 (webtiles) character file.

Game seed: 15658953302463800015

128 frimble the Grasshopper (level 5, 0/35 HPs)
             Began as an Octopode Warper on May 25, 2023.
             Slain by an iguana (4 damage)
             ... on level 4 of the Dungeon.
             The game lasted 00:02:45 (2889 turns).

frimble the Grasshopper (Octopode Warper)           Turns: 2889, Time: 00:02:46

Health: 0/35       AC:  1    Str: 11    XL:     5   Next: 12%
Magic:  8/8        EV: 13    Int: 23    God:
Gold:   152        SH:  0    Dex: 11    Spells: 7/9 levels left

rFire   . . .        a - +0 short sword
rCold   . . .        (no shield)
rNeg    . . .        (helmet restricted)
rPois   .            (no amulet)
rElec   .            m - +6 ring of intelligence
rCorr   .            (no ring)
SInv    .            (no ring)
Will    .....        (no ring)
Stlth   ++           (no ring)
HPRegen 0.25/turn    (no ring)
MPRegen 0.11/turn    (no ring)
                     (no ring)

%: no passive effects
@: no status effects
A: almost no armour, amphibious, 8 rings, camouflage 1, gelatinous body 1,
(nimble swimmer 1), tentacles
a: no special abilities


You were on level 4 of the Dungeon.
You visited 1 branch of the dungeon, and saw 4 of its levels.

You collected 152 gold pieces.

Inventory:

Hand Weapons
 a - a +0 short sword (weapon)
Missiles
 c - 4 boomerangs of dispersal (quivered)
 l - 3 boomerangs
Jewellery
 h - an amulet of guardian spirit
 m - a +6 ring of intelligence (left tentacle)
Scrolls
 b - a scroll of blinking
 k - 4 scrolls of teleportation
Potions
 e - 2 potions of haste
 f - a potion of magic
 g - a potion of brilliance
 i - a potion of enlightenment
 j - a potion of curing {unknown}


   Skills:
 + Level 2.7 Fighting
 + Level 2.8 Short Blades
 - Level 1.5 Throwing
 + Level 3.1 Dodging
 + Level 2.6 Spellcasting
 + Level 3.6 Translocations


You had 7 spell levels left.
You knew the following spells:

 Your Spells              Type           Power      Damage    Failure   Level
a - Blink                 Tloc           38%        N/A       4%          2

Your spell library contained the following spells:

 Spells                   Type           Power      Damage    Failure   Level
 Lesser Beckoning         Tloc           38%        N/A       4%          2
 Teleport Other           Tloc           19%        N/A       9%          3
 Sublimation of Blood     Necr           3%         N/A       19%         2
 Wereblood                Tmut           3%         N/A       19%         2
 Vhi's Electric Charge    Tloc/Air       18%        N/A       21%         3
 Manifold Assault         Tloc           19%        N/A       26%         4
 Summon Hydra             Summ           1%         N/A       100%        7


Dungeon Overview and Level Annotations

Branches:
Dungeon (4/15)
 Temple: D:4-7

Altars:
Dithmenos
Gozag


Innate Abilities, Weirdness & Mutations

You cannot wear most types of armour.
You are amphibious.
You can wear up to eight rings at the same time.
Your skin changes colour to match your surroundings (Stealth+).
Your rubbery body absorbs attacks. (AC +1, EV +1)
((You are camouflaged when in or above water. (Stealth+)))
You have tentacles for arms and can constrict up to eight enemies at once.


Message History

Done exploring.
Done exploring.
(D) Dungeon
Where to? (Enter - D:2, ? - help)
There is a stone staircase leading down here.
You climb downwards.
The iguana hisses angrily.
Found 2 potions of enlightenment.
Found a stone staircase leading down.
There is a stone staircase leading up here.
An iguana is nearby!
An iguana is nearby!
An iguana is nearby!
You hit the iguana but do no damage. You grab the iguana.
You constrict the iguana, but do no damage.
You hit the iguana but do no damage. You squeeze the iguana!
The iguana is moderately wounded.
You constrict the iguana, but do no damage.
The iguana barely misses you.
You barely miss the iguana.
The iguana is moderately wounded.
You constrict the iguana. The iguana misses you.
You hit the iguana but do no damage. You squeeze the iguana.
The iguana is heavily wounded.
You constrict the iguana. The iguana bites you!
You are too injured to fight recklessly!
You are too injured to fight recklessly!
You are too injured to fight recklessly!
You hit the iguana. Your squeeze misses the iguana.
The iguana is severely wounded.
You constrict the iguana, but do no damage.
The iguana bites you!
You hit the iguana.
The iguana is severely wounded.
You constrict the iguana, but do no damage.
The iguana bites you!
* * * LOW HITPOINT WARNING * * *
You hit the iguana but do no damage.
The iguana is severely wounded.
You constrict the iguana. The iguana bites you.
You die...

..... .##.# +
.#.. ##!....
.. ...
......# ...
.. .>...
....##.#...#
...........#
#....<.#
#..##..####.#
#....@.......
##...l...##.#
##.#.##.#
#.... ...
##### ..# ..#
..


You could see an iguana.

Vanquished Creatures
  An orc priest (D:3)
  A gnoll (D:3)
  2 adders (D:3)
  A worm (D:2)
  A dart slug (D:3)
  3 orcs (D:3)
  7 bats
  5 endoplasms
  3 giant cockroaches (D:1)
  6 goblins
  2 hobgoblins (D:2)
  7 jackals (D:1)
  3 kobolds
  3 quokkas
  5 ball pythons
  3 frilled lizards
  8 rats
61 creatures vanquished.

Notes
Turn   | Place    | Note
-------+----------+-------------------------------------------
     0 | D:1      | frimble the Octopode Warper began the quest for the Orb.
     0 | D:1      | Reached XP level 1. HP: 14/14 MP: 3/3
    32 | D:1      | Reached XP level 2. HP: 2/19 MP: 5/5
   219 | D:1      | Found a faded altar of an unknown god.
   477 | D:1      | Reached XP level 3. HP: 24/24 MP: 6/6
  1823 | D:3      | Reached XP level 4. HP: 15/30 MP: 7/7
  1826 | D:3      | Learned a level 2 spell: Blink
  2336 | D:3      | Found an opulent altar of Gozag.
  2336 | D:3      | Found a shadowy altar of Dithmenos.
  2404 | D:3      | Reached XP level 5. HP: 35/35 MP: 8/8
  2889 | D:4      | Slain by an iguana

Illustrated notes

Levels and vault maps discovered:
D:1:      dpeg_arrival_rooms_b, layout_loops_cross,
          ebering_ecumenical_altar_sacrificial
D:2:      layout_basic
D:3:      layout_basic, mainiacjoe_overflow_large_starburst,
          kennysheep_generic_room_15
D:4:      layout_basic, minmay_misc_feat_hallway

Skill      XL: |  1  2  3  4 |
---------------+-------------+-----
Dodging        | 3 |  3.1
Fighting       | |  2.7
Short Blades   | |  2.8
Throwing       | |  1.5
Spellcasting   | |  2.6
Translocations | |  3.6

Action                     |  1- 3 |  4- 6 || total
---------------------------+-------+-------++-------
  Melee: Short sword       |   112 |    54 ||   166
         Tentacles         |    20 |    14 ||    34
         Constrict         |    15 |    12 ||    27
  Throw: Boomerang         |     3 |       ||     3
    Use: Scroll            |     8 |     2 ||    10
   Stab: Sleeping          |     7 |     2 ||     9
 Armour: Skin              |    10 |     3 ||    13
  Dodge: Dodged            |    90 |    21 ||   111

Table legend: (Time is in decaauts)
 A = Elapsed time spent in this place.
 B = Non-inter-level travel time spent in this place.
 C = Inter-level travel time spent in this place.
 D = Time resting spent in this place.
 E = Time spent auto-exploring this place.
 F = Levels seen in this place.
 G = Mean time per level.
                   A        B        C        D        E       F      G
               +--------+--------+--------+--------+--------+-----+--------+
         Total |   2870 |   2774 |     96 |     26 |   2314 |   4 |  717.5 |
       Dungeon |   2870 |   2774 |     96 |     26 |   2314 |   4 |  717.5 |
               +--------+--------+--------+--------+--------+-----+--------+

Top non-repeatable levels by time:
     D:3: 998 daAuts
     D:2: 975 daAuts
     D:1: 888 daAuts
     D:4: 8 daAuts
